 Dungeon Crawl Stone Soup version 0.26.0-7-g794d0892b4 (webtiles) character file.

Game seed: 16484864683488961162

102 Delamore the Skirmisher (level 4, 0/30 HPs)
             Began as a Gargoyle Fighter on Jan 11, 2021.
             Was a Follower of Dithmenos.
             Slain by an adder (3 damage)
             ... on level 3 of the Dungeon.
             The game lasted 00:02:47 (1976 turns).

Delamore the Skirmisher (Gargoyle Fighter)          Turns: 1976, Time: 00:02:47

Health: 0/30       AC: 12    Str: 21    XL:     4   Next: 78%
Magic:  4/4        EV:  7    Int:  8    God:    Dithmenos [*.....]
Gold:   170        SH:  9    Dex:  9    Spells: 3/3 levels left

rFire    + . .     SeeInvis .   a - +0 flail
rCold    . . .     Faith    .   c - +0 kite shield
rNeg     + . .     Spirit   .   b - +0 scale mail
rPois    ∞         Reflect  .   (no helmet)
rElec    +         Harm     .   h - +0 cloak
rCorr    .         Rampage  .   f - +0 pair of gloves
Will     .....                  (no boots)
Stlth    ..........             (no amulet)
HPRegen  0.10/turn              m - ring of protection from fire
MPRegen  0.09/turn              (no ring)

@: flying, wreathed by umbra
A: negative energy resistance 1, electricity resistance, unbreathing,
petrification resistance, miasma immunity, AC +3
a: Renounce Religion


You were on level 3 of the Dungeon.
You worshipped Dithmenos.
Dithmenos was aware of your devotion.
You visited 1 branch of the dungeon, and saw 3 of its levels.

You collected 170 gold pieces.

Inventory:

Hand Weapons
 a - a +0 flail (weapon)
Armour
 b - a +0 scale mail (worn)
 c - a +0 kite shield (worn)
 f - a +0 pair of gloves (worn)
 h - a +0 cloak (worn)
Jewellery
 m - a ring of protection from fire (left hand)
Scrolls
 e - a scroll of remove curse {unknown}
 g - 2 scrolls of teleportation {unknown}
 i - a scroll of fog {unknown}
 j - 2 scrolls of amnesia {unknown}
 k - a scroll of noise {unknown}
 n - a scroll of magic mapping {unknown}
Potions
 d - a potion of might


   Skills:
 + Level 4.3 Fighting
 + Level 3.1 Maces & Flails
 - Level 3.2 Armour
 + Level 4.3 Shields


You had 3 spell levels left.
You didn't know any spells.
Your spell library was empty.

Dungeon Overview and Level Annotations

Branches:
Dungeon (3/15)

Altars:
Dithmenos


Innate Abilities, Weirdness & Mutations

You are resistant to torment.
Your stone body is resilient. (AC +3)
You are immune to poison.
You resist negative energy. (rN+)
You are resistant to electric shocks. (rElec)
You can survive without breathing.
You are immune to petrification.
You are immune to miasma.


Message History

You block the centaur's attack. You block the adder's attack.
The centaur hits you.
* * * LOW HITPOINT WARNING * * *
You block the adder's attack.
You barely miss the centaur.
The centaur is moderately wounded.
The centaur hits you.
* * * LOW HITPOINT WARNING * * *
The adder barely misses you. You block the centaur's attack.
It was a potion of flight.
You feel very buoyant.
You fly up into the air.
The adder closely misses you.
The centaur hits you but does no damage. x2
The adder bites you but does no damage.
You sock the centaur!
The centaur is almost dead.
The centaur completely misses you. The adder bites you but does no damage.
The centaur hits you but does no damage.
The adder bites you.
You die...

######### #........
# #........
#.#........ ##
.#........ #.
......... #.#.#.
###Sc...... #.#.#.
#((@.# #.#.#.
#(#.....# #.#.##
#.#.##### #.#.#
#.#.# #.#.# #.#.#
#.#.## #.#.#
###'#...
#.#.#########.......
#.#.........'.......
#.#########.#.>.....


You could see a centaur and an adder.

Vanquished Creatures
  6 adders
  An ooze (D:1)
  2 leopard geckos (D:3)
  An orc (D:3)
  4 giant cockroaches
  4 goblins
  6 hobgoblins
  4 jackals (D:2)
  A quokka (D:2)
  A ball python (D:1)
  3 bats
  A frilled lizard (D:1)
  A kobold (D:1)
  8 rats
43 creatures vanquished.

Notes
Turn   | Place    | Note
-------+----------+-------------------------------------------
     0 | D:1      | Delamore the Gargoyle Fighter began the quest for the Orb.
     0 | D:1      | Reached XP level 1. HP: 14/14 MP: 1/1
   624 | D:1      | Reached XP level 2. HP: 16/19 MP: 2/2
   843 | D:2      | Reached XP level 3. HP: 23/24 MP: 3/3
  1194 | D:2      | Found a faded altar of an unknown god.
  1204 | D:2      | Became a worshipper of Dithmenos the Shadowed
  1204 | D:2      | Reached * piety under Dithmenos
  1254 | D:2      | Reached XP level 4. HP: 29/29 MP: 4/4
  1963 | D:3      | Noticed a centaur
  1976 | D:3      | Slain by an adder

Illustrated notes

Levels and vault maps discovered:
D:1:      minmay_arrival_wavy_path, layout_loops_ring
D:2:      layout_loops_cross, chequers_ecumenical_altar_twisty
D:3:      layout_basic

Skill      XL: |  1  2  3  4 |
---------------+-------------+-----
Fighting       | 4 |  4.3
Shields        | 4 |  4.3
Maces & Flails | 3 |  3.1
Armour         | |  3.2

Action                   |  1- 3 |  4- 6 || total
-------------------------+-------+-------++-------
Melee: Flail             |   136 |    69 ||   205
  Use: Potion            |       |     1 ||     1
Armor: Scale mail        |   100 |    54 ||   154
Dodge: Dodged            |    64 |    28 ||    92
Block: Kite shield       |    85 |    41 ||   126
